 Dungeon Crawl Stone Soup version 0.17-a0-1637-g5d65775 (webtiles) character file.

146 urechis the Cudgeler (level 5, -2/34 HPs)
             Began as a Tengu Berserker on Aug 7, 2015.
             Was a Priest of Trog.
             Killed from afar by an orc wizard (9 damage)
             ... with a magic dart
             ... on level 3 of the Dungeon.
             The game lasted 00:05:09 (2992 turns).

urechis the Cudgeler (Tengu Berserker)              Turns: 2992, Time: 00:05:09

Health: -2/34      AC:  5    Str: 17    XL:     5   Next: 28%
Magic:  6/6        EV: 11    Int:  7    God:    Trog [***...]
Gold:   109        SH:  0    Dex: 15    Spells: 0 memorised, 4 levels left

rFire  . . .     SeeInvis .     g - +0 whip
rCold  . . .     Clarity  .     o - +0 ring mail
rNeg   . . .     SustAt   .     (no shield)
rPois  .         Gourm    .     (helmet restricted)
rElec  .         Spirit   .     (no cloak)
rCorr  .         Warding  .     (no gloves)
rMut   .         Stasis   .     (boots unavailable)
MR     .....                    (no amulet)
Stlth  +.........               (no ring)
                                (no ring)

@: exhausted, slowed, very slow, not resistant to hostile enchantments, very
unstealthy
A: beak, talons 3, able to fly 1
a: Fly, Burn Spellbooks, Berserk, Trog's Hand, Renounce Religion


You were on level 3 of the Dungeon.
You worshipped Trog.
Trog was most pleased with you.
You were not hungry.

You visited 1 branch of the dungeon, and saw 3 of its levels.

You collected 109 gold pieces.

Inventory:

Hand weapons
 g - a +0 whip (weapon)
Armour
 o - a +0 ring mail (worn)
Scrolls
 d - 3 scrolls of fear {unknown}
 f - 2 scrolls of remove curse {unknown}
 h - 3 scrolls of identify {unknown}
 i - a scroll of immolation {unknown}
 j - a scroll of teleportation {unknown}
 n - a scroll of enchant weapon {unknown}
 t - a scroll of magic mapping {unknown}
 w - a scroll of amnesia {unknown}
Potions
 b - a potion of haste {unknown}
 e - 2 potions of resistance {unknown}
 k - 3 potions of cancellation {unknown}
 l - a potion of ambrosia {unknown}
 m - a potion of curing {unknown}
 q - 2 potions of might {unknown}
 r - a potion of flight {unknown}
 s - a potion of cure mutation {unknown}
 v - 2 potions of poison {unknown}
Comestibles
 a - a fruit
 c - 3 bread rations
 p - a slice of pizza
 u - 2 meat rations


   Skills:
 + Level 4.4 Fighting
 * Level 5.2 Maces & Flails
 - Level 2.1 Armour
 - Level 2.1 Dodging


You had 4 spell levels left.
You didn't know any spells.

Dungeon Overview and Level Annotations

Branches:
Dungeon (3/15)

Altars:
Dithmenos
Qazlal
Ru


Innate Abilities, Weirdness & Mutations

You have a beak for a mouth.
You have claws for feet.
You can fly.


Message History

You kill the orc!
Trog accepts your kill.
You miss something. You claw something. Something hits you but does no damage.
Something hits you.
You hit something. Your kick misses something.
Something hits you but does no damage. x2
You hit something. You claw something. Something hits you.
You hear some strange, mumbled words.
A puff of frost appears from out of thin air!
The puff of frost hits you!
You barely miss something.
You hear some strange, mumbled words.
A puff of frost appears from out of thin air!
The puff of frost hits you!
* * * LOW HITPOINT WARNING * * *
You closely miss something.
You hear some strange, mumbled words.
A magic dart appears from out of thin air!
The magic dart hits you!
You die...

#...........#.#.## ...#
####.######.#>#.# ...#
####.######.....# ...#
..............### ...#
###.......##..# ########...####
#.......##..# #..............
###.......##..####......%....)..
.##....รท.....)...#......).......
.##..<..........@{)######...####
.##...........##.### ...#
.#########.##.##.# ..o# .#
#.##.##.# ...# .# #.##.##.# ...#
####### #|......# ###...##
#...#######.#### #......
###.#.........#########o.#?##..#
....##########........oo.{.<...#


There were no monsters in sight!

Vanquished Creatures
  2 orc wizards (D:3)
  2 adders
  An ooze (D:2)
  3 worms
  4 orcs (D:3)
  2 giant cockroaches (D:1)
  8 goblins
  6 hobgoblins
  6 kobolds
  A quokka (D:3)
  6 bats
  A giant gecko (D:1)
  4 giant newts
  8 jackals
  6 rats
60 creatures vanquished.

Notes
Turn   | Place    | Note
--------------------------------------------------------------
     0 | D:1      | urechis the Tengu Berserker began the quest for the Orb.
     0 | D:1      | Reached XP level 1. HP: 14/14 MP: 2/2
   450 | D:1      | Reached XP level 2. HP: 5/19 MP: 3/3
   835 | D:1      | Reached skill level 4 in Maces & Flails
   865 | D:1      | Acquired Trog's second power
   891 | D:1      | Reached XP level 3. HP: 15/23 MP: 4/4
  1592 | D:2      | Found a shadowy altar of Dithmenos.
  1759 | D:2      | Reached XP level 4. HP: 18/29 MP: 5/5
  1818 | D:2      | Found a stormy altar of Qazlal.
  2027 | D:2      | Found a sacrificial altar of Ru.
  2958 | D:3      | Reached skill level 5 in Maces & Flails
  2958 | D:3      | Gained mutation: You can fly. [Tengu growth]
  2958 | D:3      | Reached XP level 5. HP: 34/34 MP: 6/6
  2992 | D:3      | Killed from afar by an orc wizard

Vault maps used:
D:1:      lightli_arrival_windingriver
D:2:      lemuel_crystal_altar, grunt_qazlal_clouds, lemuel_doored_altar,
          minmay_misc_feat_square, small_statue_intersection,
          serial_bayou_lagoon_a

Action                   |  1- 3 |  4- 6 || total
-------------------------+-------+-------++-------
Melee: Mace              |    16 |       ||    16
       Whip              |    92 |    77 ||   169
Invok: Berserk           |     3 |     1 ||     4
       Trog's Hand       |       |     1 ||     1
  Eat: Chunk             |     6 |     3 ||     9
       Fruit             |       |     2 ||     2
